 Dungeon Crawl Stone Soup version 0.28.0-53-g5a82cb258f (webtiles) character file.

Game seed: 3280899146404848727

158 tizbic2 the Ogre Mage (level 5, -3/50 HPs)
             Began as an Ogre Enchanter on Aug 3, 2022.
             Was a Priest of Cheibriados.
             Slain by a bullfrog (6 damage)
             ... in a sewer.
             The game lasted 00:11:38 (3549 turns).

tizbic2 the Ogre Mage (Ogre Enchanter)              Turns: 3549, Time: 00:11:39

Health: -3/50      AC:  4    Str: 18    XL:     5   Next: 40%
Magic:  10/10      EV: 10    Int: 22    God:    Cheibriados [***...]
Gold:   110        SH:  0    Dex: 17    Spells: 2/10 levels left

rFire   . . .      SeeInvis .   a - +1 dagger
rCold   . . .      Faith    .   (no shield)
rNeg    . . .      Spirit   .   b - +1 robe
rPois   .          Reflect  .   (helmet restricted)
rElec   .          Harm     .   (no cloak)
rCorr   .          Rampage  .   (gloves unavailable)
Will    .....                   (boots unavailable)
Stlth   ++........              (no amulet)
HPRegen 0.16/turn               (no ring)
MPRegen 0.12/turn               (no ring)

@: mighty, very slow
A: large, unfitting armour, tough skin 1
a: Renounce Religion, Bend Time, Temporal Distortion


You were in a sewer.
You worshipped Cheibriados.
Cheibriados was most pleased with you.
You visited 1 branch of the dungeon, and saw 3 of its levels.
You also visited: Sewer.

You collected 110 gold pieces.

Inventory:

Hand Weapons
 a - a +1 dagger (weapon)
 h - a +0 falchion
Missiles
 d - 19 stones (quivered)
 e - 2 atropa-tipped darts
Armour
 b - a +1 robe (worn)
Magical Staves
 k - a staff of earth
Scrolls
 f - a scroll of teleportation
 i - a scroll of identify
 j - a scroll of vulnerability
 m - a scroll of enchant weapon {unknown}
Potions
 c - a potion of invisibility
 n - a potion of lignification {unknown}
 o - a potion of haste {unknown}
 p - a potion of degeneration {unknown}


   Skills:
 + Level 2.6 Fighting
 * Level 2.8 Short Blades
 - Level 1.7 Dodging
 - Level 2.1 Stealth
 + Level 3.4 Spellcasting
 - Level 3.3 Hexes
 + Level 0.1 Invocations


You had 2 spell levels left.
You knew the following spells:

 Your Spells              Type           Power      Damage    Failure   Level
a - Ensorcelled Hibernat  Hex/Ice        22%        N/A       9%          2
b - Confusing Touch       Hex            18%        N/A       9%          3
c - Tukima's Dance        Hex            18%        N/A       9%          3

Your spell library contained the following spells:

 Spells                   Type           Power      Damage    Failure   Level
 Dazzling Flash           Conj/Hex       22%        N/A       19%         3
 Gell's Gravitas          Tloc           3%         N/A       34%         3
 Lesser Beckoning         Tloc           3%         N/A       34%         3
 Teleport Other           Tloc           3%         N/A       34%         3


Dungeon Overview and Level Annotations

Branches:
Dungeon (3/15)              Sewer (1/1)

Altars:
Cheibriados

Annotations:
D:3 1 runed translucent door, macfelon's ghost, weakling HuCj


Innate Abilities, Weirdness & Mutations

You are too large for most types of armour.
You have tough skin. (AC +1)


Message History

A quokka comes into view.
Found six items.
A frilled lizard comes into view.
A bullfrog comes into view.
A bullfrog comes into view.
The bullfrog croaks.
The frilled lizard hisses angrily.
The bullfrog gives a loud, deep croak!
The bullfrog hits you but does no damage.
You hit the bullfrog but do no damage. The quokka bites you.
The bullfrog misses you.
You completely miss the quokka. The bullfrog closely misses you.
The quokka bites you but does no damage.
You enter the shallow water.
Moving in this stuff is going to be slow.
The bullfrog closely misses you.
The bullfrog hits you but does no damage.
The bullfrog hits you. The bullfrog misses you. The bullfrog hits you.
The bullfrog completely misses you.
The bullfrog releases a deep croak.
The bullfrog barely misses you. x3; The bullfrog hits you.
The bullfrog barely misses you. The bullfrog closely misses you.
The bullfrog barely misses you. The bullfrog hits you.
The bullfrog barely misses you.
You closely miss the bullfrog. The bullfrog hits you.
The bullfrog hits you but does no damage.
The bullfrog hits you.
As you read the scroll labelled YBAJEFEXOD, it crumbles to dust.
The scroll dissolves into smoke.
It was a scroll of fog.
The bullfrog closely misses you. The bullfrog hits you!
The bullfrog barely misses you.
You miss the bullfrog. The bullfrog closely misses you. The bullfrog hits you.
* * * LOW HITPOINT WARNING * * *
It was a potion of might.
You feel very mighty all of a sudden. The bullfrog hits you.
* * * LOW HITPOINT WARNING * * *
The bullfrog barely misses you. The bullfrog hits you.
* * * LOW HITPOINT WARNING * * *
You closely miss the bullfrog. The bullfrog hits you.
You die...

#≈†#≈###≈≈#≈≈.≈≈≈≈#≈.##.≈
#≈≈#≈#≈≈.##≈≈≈≈≈≈≈##≈≈#≈≈
#≈≈#≈#∩≈.#≈≈≈≈≈≈.≈≈#≈≈#≈≈
#≈.#≈#≈≈≈#≈≈≈≈≈..≈≈#≈≈#≈.
#≈≈#≈##≈≈#≈≈≈≈.?≈≈≈#†.#≈≈
#≈†#≈≈#≈.#≈≈.≈??.≈≈#≈≈#≈≈
#≈≈#≈≈#§§#.≈≈$[$.≈≈#..#≈≈
#≈≈.≈≈#§§##≈..?.≈≈##≈≈#≈≈
#.≈≈≈≈#§@Fr.≈≈.≈.≈#..##≈≈
#≈≈≈.≈###Fl≈.≈≈≈≈##≈.#≈≈≈
#######≈###.≈≈≈≈##≈≈≈#≈≈#
#≈≈≈..#######.≈≈##≈≈#
#≈≈≈.≈.†≈≈≈≈≈≈.≈#≈≈≈#
##≈≈##≈†≈≈≈≈≈≈.##≈≈##
##≈.##≈≈≈.≈≈.##††≈#
#≈.≈###≈≈≈###≈≈≈≈#
#≈...≈#####≈≈≈≈≈##


You could see 2 bullfrogs, a quokka and a frilled lizard.

Vanquished Creatures
  6 adders
  A worm (D:2)
  4 orcs
  6 endoplasms
  8 giant cockroaches
  3 goblins
  5 hobgoblins
  9 jackals (D:1)
  8 quokkas
  14 ball pythons
  5 bats
  13 frilled lizards
  4 kobolds
  3 rats (D:1)
89 creatures vanquished.

Vanquished Creatures (collateral kills)
  An orc (D:3)
  A quokka (D:3)
2 creatures vanquished.

Grand Total: 91 creatures vanquished

Notes
Turn   | Place    | Note
-------+----------+-------------------------------------------
     0 | D:1      | tizbic2 the Ogre Enchanter began the quest for the Orb.
     0 | D:1      | Reached XP level 1. HP: 16/16 MP: 3/3
    18 | D:1      | Reached skill level 1 in Short Blades
   108 | D:1      | Reached XP level 2. HP: 16/26 MP: 5/5
   370 | D:1      | Reached skill level 1 in Fighting
   504 | D:1      | Learned a level 2 spell: Ensorcelled Hibernation
  1101 | D:1      | Reached XP level 3. HP: 25/33 MP: 7/7
  1857 | D:2      | Learned a level 3 spell: Confusing Touch
  1861 | D:2      | Learned a level 3 spell: Tukima's Dance
  2148 | D:2      | Reached XP level 4. HP: 42/42 MP: 3/8
  2355 | D:2      | Found a faded altar of an unknown god.
  2375 | D:2      | Prayed at the altar of an unknown god.
  2375 | D:2      | Became a worshipper of Cheibriados the Contemplative
  2375 | D:2      | Reached * piety under Cheibriados
  2488 | D:3      | Found a runed translucent door.
  2489 | D:3      | Noticed a bullfrog
  2494 | D:3      | Noticed macfelon's ghost (weakling HuCj)
  2953 | D:3      | Found a glowing drain.
  2962 | Sewer    | Entered a sewer
  3044 | Sewer    | Reached ** piety under Cheibriados
  3089 | Sewer    | Reached XP level 5. HP: 45/49 MP: 9/9
  3531 | Sewer    | Reached *** piety under Cheibriados
  3549 | Sewer    | Slain by a bullfrog

Illustrated notes

Levels and vault maps discovered:
D:1:      shiori_arrival_oz, layout_loops_corners
D:2:      layout_rooms, shapermc_ecumenical_altar_pompeii
D:3:      layout_loops_ring, ebering_ghost_sewer_d, portal_sewer_entry_d
Sewer:    sewer_frog_island_02

Skill      XL: |  1  2  3  4 |
---------------+-------------+-----
Short Blades   | 1 2 |  2.8
Fighting       | 1 2 |  2.6
Hexes          | 3 |  3.3
Spellcasting   | 3 |  3.4
Dodging        | |  1.7
Stealth        | |  2.1
Invocations    | |  0.1

Action                   |  1- 3 |  4- 6 || total
-------------------------+-------+-------++-------
Melee: Dagger            |   192 |   188 ||   380
       Punch             |     3 |     2 ||     5
Throw: Stone             |    29 |    15 ||    44
 Cast: Ensorcelled Hiber |    22 |     9 ||    31
       Tukima's Dance    |     2 |     3 ||     5
       Confusing Touch   |       |    10 ||    10
  Use: Scroll            |     1 |     3 ||     4
       Potion            |     1 |     1 ||     2
 Stab: Sleeping          |    16 |    10 ||    26
       Confused          |       |     2 ||     2
Armor: Robe              |    63 |    68 ||   131
Dodge: Dodged            |    99 |   103 ||   202
